 Dungeon Crawl Stone Soup version 0.31-a0-204-g7da18cac08 (webtiles) character file.

Game seed: 4473505186467734113

34 qw the Shooter (level 3, -3/20 HPs)
             Began as a Deep Elf Hunter on June 27, 2023.
             Slain by a gnoll
             ... wielding a +0 spear
              (4 damage)
             ... on level 2 of the Dungeon.
             The game lasted 00:00:22 (834 turns).

qw the Shooter (Deep Elf Hunter)                     Turns: 834, Time: 00:00:22

Health: -3/20      AC:  3    Str: 10    XL:     3   Next: 14%
Magic:  5/5        EV: 12    Int: 13    God:
Gold:   62         SH:  0    Dex: 18    Spells: 2/2 levels left

rFire   . . .        Y - +0 shortbow
rCold   . . .        (shield currently unavailable)
rNeg    . . .        c - +0 leather armour
rPois   .            (no helmet)
rElec   .            (no cloak)
rCorr   .            (no gloves)
SInv    .            (no boots)
Will    .....        (no amulet)
Stlth   ++           (no ring)
HPRegen 0.23/turn    (no ring)
MPRegen 0.09/turn

%: no passive effects
@: no status effects
A: no striking features
a: no special abilities


You were on level 2 of the Dungeon.
You visited 1 branch of the dungeon, and saw 2 of its levels.

You collected 62 gold pieces.


   Skills:
 - Level 1.5 Fighting
 + Level 6.7 Ranged Weapons
 - Level 2.4 Dodging
 - Level 1.2 Stealth


You had 2 spell levels left.
You didn't know any spells.
Your spell library was empty.

Inventory:

Hand Weapons
 Y - a +0 shortbow (weapon)
Armour
 c - a +0 leather armour (worn)
Jewellery
 b - a ring of protection from cold
Scrolls
 f - a scroll of identify
Potions
 a - a potion of might {unknown}
 h - a potion of haste {unknown}

Dungeon Overview and Level Annotations

Branches:
Dungeon (2/15)

Altars:


Message History

Enter note: You shoot an arrow.
The arrow closely misses the gnoll.
You shoot an arrow.
The arrow hits the gnoll but does no damage.
You shoot an arrow. The arrow hits the gnoll.
The gnoll is moderately wounded.
You shoot an arrow. The arrow hits the gnoll.
The gnoll is heavily wounded.
A gnoll comes into view. It is wielding a +0 spear.
The gnoll barely misses you.
You shoot an arrow. The arrow barely misses the gnoll.
The gnoll shouts!
The arrow hits the gnoll.
The gnoll is almost dead.
The gnoll hits you from afar with a +0 spear.
You shoot an arrow. The arrow hits the gnoll!
The gnoll is heavily wounded.
The gnoll hits you but does no damage. x2
827 ||| Stepping ~*~*~tactically~*~*~ (outnumbered).
You shoot an arrow. The arrow closely misses the rat.
The rat bites you but does no damage.
You shoot an arrow. The arrow barely misses the rat.
The rat bites you.
You shoot an arrow. The arrow hits the rat.
The rat is heavily wounded.
The rat completely misses you.
The gnoll hits you from afar with a +0 spear. x2
The rat bites you.
You shoot an arrow. The arrow closely misses the rat.
The rat closely misses you. The gnoll misses you.
You shoot an arrow. The arrow barely misses the rat.
The rat misses you. The gnoll misses you.
You shoot an arrow. The arrow hits the rat.
The rat is heavily wounded.
The rat bites you.
The gnoll hits you from afar with a +0 spear.
You shoot an arrow. The arrow closely misses the rat.
The rat closely misses you.
The gnoll hits you from afar with a +0 spear.
You die...

....7. #...7.7
##...7._. #.....7.7
#..<).g7. #########
####g.g.....
........#
#...g.......
........# #r###
........####.##.@.#
............. ###.#
.........########.#
......).....<#....#
........#.####.##.#
........#....#.#####
...................#
..........)........#
#####+##...........#


You could see 2 gnolls and a rat.

Vanquished Creatures
  A dart slug (D:1)
  3 ball pythons
  4 bats
  2 giant cockroaches
  2 hobgoblins (D:1)
  2 quokkas (D:1)
  3 frilled lizards (D:1)
  5 goblins
  4 kobolds
  5 rats
31 creatures vanquished.

Notes
Turn   | Place    | Note
-------+----------+-------------------------------------------
     0 | D:1      | qw the Deep Elf Hunter began the quest for the Orb.
     0 | D:1      | Reached XP level 1. HP: 12/12 MP: 3/3
     0 | D:1      | 0 ||| qw: Version: 0.3-a-22-g0ed2b0b
     0 | D:1      | 0 ||| qw: Game counter: 6370
     0 | D:1      | 0 ||| qw: Melee chars always use a shield: true
     0 | D:1      | 0 ||| qw: God list: Okawaru
     0 | D:1      | 0 ||| qw: Allow faded altars: false
     0 | D:1      | 0 ||| qw: Do Orc after clearing Dungeon:15 true
     0 | D:1      | 0 ||| qw: Do second Lair branch before Depths: true
     0 | D:1      | 0 ||| qw: Lair rune preference: random
     0 | D:1      | 0 ||| qw: Goals: Normal
     0 | D:1      | 0 ||| PLANNING D:1-11
   209 | D:1      | Reached skill level 6 in Ranged Weapons
   209 | D:1      | Reached XP level 2. HP: 16/16 MP: 4/4
   294 | D:1      | HP: 2/16 [kobold/+0 short sword (4)]
   302 | D:1      | HP: 2/16 [kobold/+0 short sword (1)]
   673 | D:1      | 673 ||| READING scroll labelled NAEMAA MEORRUBB.
   674 | D:1      | 674 ||| READING scroll labelled FUUS LORUO.
   675 | D:1      | 675 ||| READING 2 scrolls labelled DIGULACZOD.
   676 | D:1      | 676 ||| READING scroll labelled NYCAAQ TUFRA.
   677 | D:1      | 677 ||| DROPPING scroll of butterflies.
   741 | D:2      | Reached XP level 3. HP: 20/20 MP: 5/5
   820 | D:2      | Found a faded altar of an unknown god.
   827 | D:2      | 827 ||| Stepping ~*~*~tactically~*~*~ (outnumbered).
   833 | D:2      | HP: 1/20 [gnoll/+0 spear (6)]
   834 | D:2      | Slain by a gnoll

Levels and vault maps discovered:
D:1:      dpeg_arrival_round_c, layout_basic
D:2:      layout_basic, chequers_ecumenical_altar_simple_redux

Skill      XL: |  1 |
---------------+----+-----
Ranged Weapons | 6 |  6.7
Fighting       | |  1.5
Dodging        | |  2.4
Stealth        | |  1.2

Action                     || total
---------------------------++-------
   Fire: Shortbow          ||    88
    Use: Scroll            ||     4
 Armour: Leather armour    ||    12
  Dodge: Dodged            ||    39

Table legend:
 A = Non-vault XP
 B = Vault XP
 C = Vault XP percentage of total XP
 D = Non-vault monster count
 E = Vault monster count
 F = Vault count percentage of total count
                 A         B        C        D         E       F
            +---------+---------+-------+---------+---------+-------
      Total |      49 |       0 |   0.0 |      31 |       0 |   0.0
            +---------+---------+-------+---------+---------+-------
        D:1 |      40 |       0 |   0.0 |      24 |       0 |   0.0
        D:2 |       9 |       0 |   0.0 |       7 |       0 |   0.0
            +---------+---------+-------+---------+---------+-------
